AoeStats
← tony le gros rou

Black Forest

505914218Analyzed
4v4 RM · 21d ago on Sep 11, 2026· 25m 10s· 8 players
Game mode
Random Map
Map size
Large (8 player)
Population
200
Speed
Normal
Resources
Standard
Victory
Conquest
Starting age
Dark Age
Ending age
Imperial Age
RankedLock teamsTeams togetherTeam positionsShared explorationLock speedFull tech treeHidden civsTurbo modeCheats
Victory
Defeat
🇫🇷 Saracens · France
1446
+15
🇫🇷 Britons · France
1426
+15
🇩🇪 Khmer · Germany
1385
+17
🇫🇷 Britons · France
1352
+19
🇭🇰 Ethiopians · Hong Kong SAR China
1480
-19
🇭🇰 Poles · Hong Kong SAR China
1417
-17
🇭🇰 Saracens · Hong Kong SAR China
1387
-33
🇭🇰 Persians · Hong Kong SAR China
1367
-15
Tonymontana
6:01 Loom
8:46 Feudal Age
11:01 Fletching
20:54 Double-Bit Axe
20:50 Horse Collar
23:57 Castle Age
23:00 Gold Mining
23:51 Wheelbarrow
24:11 Crossbowman
tony le gros rou
6:42 Loom
11:03 Feudal Age
14:42 Castle Age
13:06 Double-Bit Axe
15:13 Scale Barding Armor
ccereal
8:55 Feudal Age
9:26 Double-Bit Axe
11:46 Fletching
12:44 Padded Archer Armor
15:57 Loom
20:56 Castle Age
20:07 Gold Mining
19:58 Horse Collar
20:59 Crossbowman
21:53 Bow Saw
21:55 Bodkin Arrow
p0n0n0
4:55 Loom
11:50 Feudal Age
15:01 Castle Age
15:19 Bloodlines
15:14 Double-Bit Axe
15:16 Horse Collar
16:21 Bow Saw
17:37 Wheelbarrow
17:58 Scale Barding Armor
21:18 Heavy Plow
23:33 Forging
25:15 Hand Cart
馬仔
0:31 Loom
10:59 Feudal Age
12:34 Fletching
14:54 Padded Archer Armor
21:06 Castle Age
20:27 Double-Bit Axe
20:25 Horse Collar
21:56 Wheelbarrow
chiching818
11:15 Feudal Age
15:15 Castle Age
13:56 Scale Barding Armor
14:22 Bloodlines
14:20 Double-Bit Axe
14:54 Gold Mining
15:00 Horse Collar
16:11 Gold Mining
21:16 Chain Barding Armor
21:16 Loom
22:10 Husbandry
23:33 Forging
羅敏莊
0:41 Loom
9:29 Feudal Age
10:35 Double-Bit Axe
13:33 Fletching
17:37 Padded Archer Armor
局長
6:33 Loom
9:02 Feudal Age
10:40 Double-Bit Axe
17:12 Horse Collar
21:05 Castle Age
19:37 Stone Mining
19:38 Gold Mining
21:35 Wheelbarrow
Connection lost

Rejoining the realm…

Still unreachable

The connection could not be restored.

Session expired

The server has moved on; the page needs a fresh start.